 Dungeon Crawl Stone Soup version 0.20.1-1-g8b1a95d (webtiles) character file.

277 wojtek the Cutter (level 6, -1/36 HPs)
             Began as a Kobold Assassin on Dec 18, 2017.
             Slain by a bullfrog (7 damage)
             ... on level 3 of the Dungeon on Dec 19, 2017.
             The game lasted 00:05:48 (4390 turns).

wojtek the Cutter (Kobold Assassin)                 Turns: 4390, Time: 00:05:48

Health: -1/36      AC:  3    Str:  8    XL:     6   Next: 50%
Magic:  6/6        EV: 15    Int: 15    God:
Gold:   141        SH:  0    Dex: 16    Spells: 5/5 levels left

rFire    . . .     SeeInvis .   a - +2 dagger
rCold    . . .     Gourm    .   (shield restricted)
rNeg     . . .     Faith    .   c - +0 robe
rPois    .         Spirit   .   (no helmet)
rElec    .         Reflect  .   p - +0 cloak
rCorr    .         Harm     .   (no gloves)
MR       .....                  (no boots)
Stlth    +++.......             (no amulet)
Regen    0.2/turn               (no ring)
MPRegen  0.1/turn               (no ring)

@: no status effects
A: carnivore 3
a: no special abilities


You were on level 3 of the Dungeon.
You were completely stuffed.

You visited 1 branch of the dungeon, and saw 4 of its levels.

You collected 141 gold pieces.

Inventory:

Hand Weapons
 a - a +2 dagger (weapon)
 b - a +0 blowgun
 d - a +0 arbalest
Missiles
 e - 18 poisoned needles
 f - 8 curare-tipped needles
Armour
 c - a +0 robe (worn)
 p - a +0 cloak (worn)
 t - a +0 buckler
Scrolls
 h - 3 scrolls of amnesia {unknown}
 i - a scroll of remove curse {unknown}
 j - 2 scrolls of immolation {unknown}
 k - 6 scrolls of identify {unknown}
 m - a scroll of random uselessness {unknown}
 r - 3 scrolls of blinking {unknown}
 s - 2 scrolls of enchant weapon {unknown}
 u - a scroll of magic mapping {unknown}
 w - a scroll of fear {unknown}
Potions
 n - 3 potions of mutation {unknown}
 o - 2 potions of agility {unknown}
 q - 2 potions of curing {unknown}
Comestibles
 g - a meat ration
 l - a royal jelly
 v - 3 chunks of flesh


   Skills:
 + Level 2.9 Fighting
 - Level 7.5 Short Blades
 - Level 2.1 Throwing
 + Level 2.7 Dodging
 - Level 5.3 Stealth


You had 5 spell levels left.
You didn't know any spells.

Dungeon Overview and Level Annotations

Branches:
Dungeon (4/15)
 Temple: D:4-7

Altars:

Annotations:
D:2 exclusion: downstairs
D:3 plantmann's ghost, amateur HOGl


Innate Abilities, Weirdness & Mutations

You are small and have problems with some larger weapons.
You are carnivorous and can eat meat at any time.


Message History

You barely miss the bullfrog.
The bullfrog is heavily wounded.
The bullfrog closely misses you.
You barely miss the bullfrog.
The bullfrog is heavily wounded.
The bullfrog hits you but does no damage.
You hit the bullfrog.
The bullfrog is heavily wounded.
The bullfrog closely misses you.
You hit the bullfrog.
The bullfrog is severely wounded.
The bullfrog misses you.
You hit the bullfrog.
The bullfrog is almost dead.
The bullfrog hits you.
* * * LOW HITPOINT WARNING * * *
You barely miss the bullfrog.
The bullfrog is almost dead.
The bullfrog hits you!
You die...

###### #....#
#.#..######## ##
#...[.......# ###
#.
#.#..######.###.##
#. ####.#..###
#.##...###.
#.....F@..#
#.#.....##.
#.##....#.#
#..........
###.##[#
#####.#####
#..##.# #.#
#.###.###.# #.#
#.......#.# #+#
#.###.#.#.#
#.........#
#.###.#..## ..


You could see a bullfrog.

Vanquished Creatures
  A hound (D:4)
  2 orc wizards (D:3)
  An iguana (D:2)
  A worker ant (D:4)
  5 adders
  An ooze (D:2)
  4 dart slugs
  2 leopard geckos
  5 orcs (D:3)
  6 bats
  7 giant cockroaches
  3 goblins
  8 hobgoblins
  11 jackals
  4 frilled lizards
  11 kobolds
  7 rats
79 creatures vanquished.

Notes
Turn   | Place    | Note
-------+----------+-------------------------------------------
     0 | D:1      | wojtek the Kobold Assassin began the quest for the Orb.
     0 | D:1      | Reached XP level 1. HP: 12/12 MP: 1/1
    53 | D:1      | Reached skill level 3 in Short Blades
   409 | D:1      | Reached XP level 2. HP: 8/17 MP: 2/2
   671 | D:1      | Reached skill level 4 in Short Blades
   973 | D:1      | Reached XP level 3. HP: 15/21 MP: 3/3
  1576 | D:2      | Reached skill level 5 in Short Blades
  1821 | D:2      | Reached XP level 4. HP: 26/26 MP: 4/4
  2460 | D:2      | Reached skill level 6 in Short Blades
  3016 | D:2      | Reached XP level 5. HP: 8/30 MP: 5/5
  3249 | D:3      | Reached skill level 7 in Short Blades
  3344 | D:3      | Noticed plantmann's ghost (amateur HOGl)
  3480 | D:3      | Reached XP level 6. HP: 20/35 MP: 6/6
  4390 | D:3      | Slain by a bullfrog

Skill      XL: |  1  2  3  4  5  6 |
---------------+-------------------+-----
Short Blades   | 3 4 5 6 7 |  7.5
Dodging        | 2 |  2.7
Fighting       | |  2.9
Throwing       | |  2.1
Stealth        | |  5.3

Action                   |  1- 3 |  4- 6 || total
-------------------------+-------+-------++-------
Melee: Dagger            |   155 |   210 ||   365
 Fire: Blowgun           |       |     6 ||     6
 Stab: Sleeping          |     5 |     6 ||    11
  Eat: Chunk             |    11 |     8 ||    19
Armor: Robe              |    28 |    23 ||    51
Dodge: Dodged            |    90 |   111 ||   201
